 Dungeon Crawl Stone Soup version 0.29.1-13-g9f3cf754e1 (webtiles) character file.

Game seed: 17740844248871871031

1023 Thatpatchoflichen the Nimble (level 8, -1/40 HPs)
             Began as a Felid Berserker on Jan 25, 2023.
             Was a Priest of Trog.
             Slain by a black bear (3 damage)
             ... on level 6 of the Dungeon.
             The game lasted 00:07:26 (4124 turns).

Thatpatchoflichen the Nimble (Felid Berserker)      Turns: 4124, Time: 00:07:28

Health: -1/40      AC:  2    Str: 15    XL:     8   Next: 2%
Magic:  9/9        EV: 21    Int:  9    God:    Trog [***...]
Gold:   249        SH:  0    Dex: 15    Spells: 7/7 levels left
                                        Lives:  0   Deaths: 2

rFire   . . .      SeeInvis +     - Unarmed
rCold   . . .      Faith    .   (shield unavailable)
rNeg    + . .      Spirit   .   (body armour unavailable)
rPois   .          Reflect  .   (helmet unavailable)
rElec   .          Harm     .   (cloak unavailable)
rCorr   .          Rampage  .   (gloves unavailable)
Will    +....                   (boots unavailable)
Stlth   +.........              b - amulet of regeneration
HPRegen 0.93/turn               q - ring of positive energy
MPRegen 0.11/turn               (no ring)

@: quick
A: very small, claws 1, fangs 3, see invisible, speed 1, shaggy fur 2, stealthy
paws, no weapons or thrown items, no armour, multi-lived
a: Renounce Religion, Berserk, Trog's Hand


You were on level 6 of the Dungeon.
You worshipped Trog.
Trog was most pleased with you.
You visited 1 branch of the dungeon, and saw 6 of its levels.

You collected 249 gold pieces.

Inventory:

Jewellery
 b - an amulet of regeneration (around neck)
 p - a ring of fire
 q - a ring of positive energy (left paw)
 s - a ring of fire
Wands
 a - a wand of mindburst (22)
 v - a wand of iceblast (13)
Scrolls
 c - a scroll of enchant armour {unknown}
 e - 2 scrolls of summoning {unknown}
 f - a scroll of blinking
 g - a scroll of immolation
 h - a scroll of vulnerability {unknown}
 i - a scroll of teleportation {unknown}
 j - a scroll of magic mapping {unknown}
 t - a scroll of amnesia {unknown}
 w - a scroll of poison {unknown}
Potions
 d - a potion of might {unknown}
 k - 2 potions of curing
 l - a potion of cancellation {unknown}
 m - a potion of invisibility {unknown}
 n - 4 potions of heal wounds
 o - 2 potions of lignification {unknown}
 r - a potion of flight {unknown}
 u - a potion of haste {unknown}


   Skills:
 + Level 7.4 Fighting
 + Level 8.3 Dodging
 + Level 7.4 Unarmed Combat


You had 7 spell levels left.
You didn't know any spells.
Your spell library was empty.

Dungeon Overview and Level Annotations

Branches:
Dungeon (6/15)
 Temple: D:4-7

Altars:

Shops:
D:4 !

Annotations:
D:4 Dowan


Innate Abilities, Weirdness & Mutations

You have sharp claws.
You have razor-sharp teeth.
You have supernaturally acute eyesight. (SInv)
You cover ground quickly. (Speed+)
You are covered in thick fur. (AC +2)
Your paws help you pounce on unaware monsters.
You are incapable of wielding weapons or throwing items.
You cannot wear armour.
You gain extra lives every three experience levels.


Message History

A black bear comes into view.
The black bear growls angrily.
Found a stone staircase leading down.
The black bear bites you. The black bear completely misses you.
The black bear claws you.
You scratch the black bear. Your bite misses the black bear.
The black bear is moderately wounded.
You claw the black bear!
The black bear is severely wounded.
The black bear completely misses you. The black bear claws you.
The black bear closely misses you.
You scratch the black bear. You bite the black bear.
The black bear is almost dead.
The black bear bites you! The black bear misses you.
The black bear completely misses you.
You scratch the black bear but do no damage.
You claw the black bear, but do no damage.
The black bear is almost dead.
The black bear goes berserk!
You scratch the black bear.
The black bear is almost dead.
The black bear bites you. The black bear barely misses you.
The black bear completely misses you.
You scratch the black bear but do no damage.
Your bite misses the black bear.
The black bear is almost dead.
The black bear misses you. The black bear barely misses you. x2
The black bear bites you. The black bear completely misses you.
The black bear misses you.
You barely miss the black bear.
The black bear is almost dead.
The black bear bites you! The black bear claws you.
The black bear barely misses you.
You scratch the black bear but do no damage.
The black bear is almost dead.
The black bear bites you!
* * * LOW HITPOINT WARNING * * *
The black bear claws you.
* * * LOW HITPOINT WARNING * * *
The black bear completely misses you. The black bear bites you.
You die...

.>. #..# #..########
#..#......#
#..#.####.#
#..#.#<.#.#
########..#.##.#.#####
......h@..#....#.....#
#######...##########(#
#..............#
#.#.############ #.#.#
#.#.# ..#.# ###.# #.#


You could see a black bear (berserk).

Vanquished Creatures
  Pikel (D:4)
  Sigmund (D:3)
  Duvessa (D:4)
  An ogre (D:5)
  The ghost of hawla the Chiller, an amateur MeIE (D:5)
  A lemure (D:4)
  2 phantoms
  A scorpion (D:5)
  5 wights
  A hound (D:5)
  A jelly (D:5)
  Jessica (D:3)
  An iguana (D:4)
  2 orc wizards (D:5)
  8 adders
  3 gnolls (D:5)
  A white imp (D:5)
  A worm (D:2)
  A dart slug (D:2)
  6 orcs
  7 ball pythons
  8 endoplasms
  2 giant cockroaches
  3 goblins
  6 hobgoblins
  4 jackals (D:1)
  7 quokkas
  2 bats (D:3)
  A frilled lizard (D:3)
  3 kobolds
  4 rats
87 creatures vanquished.

Notes
Turn   | Place    | Note
-------+----------+-------------------------------------------
     0 | D:1      | Thatpatchoflichen the Felid Berserker began the quest for
                  | the Orb.
     0 | D:1      | Reached XP level 1. HP: 10/10 MP: 2/2
   226 | D:1      | Found a faded altar of an unknown god.
   462 | D:1      | Reached XP level 2. HP: 12/14 MP: 3/3
  1140 | D:2      | Reached XP level 3. HP: 17/17 MP: 4/4
  1766 | D:3      | Reached ** piety under Trog
  1922 | D:3      | Noticed Jessica
  1928 | D:3      | Killed Jessica
  1929 | D:3      | Reached skill level 5 in Dodging
  1929 | D:3      | Reached XP level 4. HP: 22/22 MP: 5/5
  2098 | D:3      | Noticed Sigmund
  2108 | D:3      | Killed Sigmund
  2109 | D:3      | Reached skill level 6 in Dodging
  2109 | D:3      | Reached XP level 5. HP: 25/25 MP: 6/6
  2109 | D:3      | Gained mutation: You are covered in thick fur. (AC +2)
                  | [Felid growth]
  2109 | D:3      | Reached XP level 6. HP: 29/29 MP: 7/7
  2381 | D:5      | Entered Level 5 of the Dungeon
  2398 | D:5      | Reached skill level 5 in Unarmed Combat
  2400 | D:5      | Reached skill level 5 in Fighting
  2422 | D:3      | Slain by an iguana
  2423 | D:3      | Reached XP level 5. HP: 0/26 MP: 6/6
  2442 | D:4      | Noticed Pikel
  2442 | D:4      | Noticed a lemure
  2443 | D:4      | Noticed a lemure
  2444 | D:4      | Noticed a lemure
  2446 | D:4      | Noticed a lemure
  2448 | D:4      | Killed a lemure
  2460 | D:4      | Killed Pikel
  2461 | D:4      | Reached XP level 6. HP: 5/31 MP: 7/7
  2461 | D:4      | Reached XP level 7. HP: 6/34 MP: 8/8
  2497 | D:4      | Found Gemos's Distillery.
  2948 | D:4      | Noticed Duvessa
  2949 | D:4      | Noticed Dowan
  2960 | D:4      | Killed Duvessa
  2961 | D:4      | Reached skill level 7 in Dodging
  2967 | D:4      | Slain by Dowan
  2968 | D:4      | Reached XP level 6. HP: -2/31 MP: 7/7
  2995 | D:5      | Reached XP level 7. HP: 24/35 MP: 8/8
  3285 | D:5      | Found a runed translucent door.
  3295 | D:5      | Noticed hawla's ghost (amateur MeIE)
  3307 | D:5      | Killed hawla's ghost
  3352 | D:5      | Reached skill level 8 in Dodging
  3493 | D:5      | Reached *** piety under Trog
  3494 | D:5      | Reached XP level 8. HP: 34/40 MP: 9/9
  4124 | D:6      | HP: 2/40 [black bear (2)]
  4124 | D:6      | Slain by a black bear

Illustrated notes

Levels and vault maps discovered:
D:1:      dpeg_arrival_tiny_c, layout_basic,
          hellmonk_ecumenical_altar_slurped_away
D:2:      layout_basic
D:3:      layout_rooms, uniq_jessica, uniq_sigmund
D:4:      layout_basic, nicolae_take_the_stairs, st_stairs_12,
          dk_noncrumbling_3, uniq_duvessa, uniq_pikel
D:5:      layout_basic, ebering_ghost_reflecting_pool,
          chequers_serial_rivers_micro_e
D:6:      layout_basic, uniq_maggie

Skill      XL: |  1  2  3  4  5  6  7 |
---------------+----------------------+-----
Dodging        | 5 6 8 |  8.3
Fighting       | 4 6 5 7 |  7.4
Unarmed Combat | 4 6 5 7 |  7.4

Action                   |  1- 3 |  4- 6 |  7- 9 || total
-------------------------+-------+-------+-------++-------
Melee: Unarmed           |    99 |    61 |   116 ||   276
       Bite              |    12 |     1 |    13 ||    26
       Punch             |     4 |     1 |     8 ||    13
Invok: Berserk           |       |     4 |     2 ||     6
  Use: Scroll            |     4 |     1 |       ||     5
 Stab: Sleeping          |     1 |       |     1 ||     2
Armor: Skin              |     2 |     3 |     5 ||    10
Dodge: Dodged            |    83 |    69 |   121 ||   273
